 Dungeon Crawl Stone Soup version 0.31.0-11-ge490571c62 (webtiles) character file.

Game seed: 2373625621691608019

13 browni3141 the Conjurer (level 2, 19/19 HPs)
             Began as a Demonspawn Conjurer on Jan 30, 2024.
             Got out of the dungeon alive.
             The game lasted 00:00:32 (353 turns).

browni3141 the Conjurer (Demonspawn Conjurer)        Turns: 353, Time: 00:00:33

Health: 19/19      AC:  2    Str:  7    XL:     2   Next: 24%
Magic:  5/5        EV: 12    Int: 18    God:
Gold:   12         SH:  0    Dex: 11    Spells: 4/5 levels left

rFire   . . .        (no weapon)
rCold   . . .        (no shield)
rNeg    . . .        a - +0 robe
rPois   .            (helmet restricted)
rElec   .            (no cloak)
rCorr   .            (no gloves)
SInv    .            (no boots)
Will    .....        (no amulet)
Stlth   ++           (no ring)
HPRegen 0.23/turn    (no ring)
MPRegen 0.09/turn

%: no passive effects
@: no status effects
A: horns 1
a: no special abilities


You escaped.
You visited 1 branch of the dungeon, and saw 1 of its levels.

You collected 12 gold pieces.

Inventory:

Armour
 a - a +0 robe (worn)
Scrolls
 d - a scroll of identify {unknown}
Potions
 c - a potion of heal wounds {unknown}


   Skills:
 + Level 2.0 Dodging
 + Level 2.1 Stealth
 + Level 2.2 Spellcasting
 + Level 4.1 Conjurations


You had 4 spell levels left.
You knew the following spells:

 Your Spells              Type           Power      Damage    Failure   Level
a - Magic Dart            Conj           64%        1d6       3%          1

Your spell library contained the following spells:

 Spells                   Type           Power      Damage    Failure   Level
 Searing Ray              Conj           32%        2d5       4%          2
 Fulminant Prism          Conj/Alch      4%         3d5       58%         4
 Iskenderun's Mystic Bla  Conj/Tloc      9%         2d4       58%         4


Dungeon Overview and Level Annotations

Branches:
Dungeon (1/15)

Altars:


Innate Abilities, Weirdness & Mutations

You have a pair of small horns on your head.


Message History

c - a cyan potion You now have 8 gold pieces.
d - a scroll labelled YHUOQU JIOLOVA A frilled lizard comes into view.
The frilled lizard hisses angrily.
The magic dart hits the frilled lizard.
You kill the frilled lizard!
You can't see any susceptible monsters within range! (Use Z to cast anyway.)
You can't see any susceptible monsters within range! (Use Z to cast anyway.) Magic restored.
You see here a frilled lizard corpse.
A rat comes into view.
A rat is nearby!
You miscast Magic Dart.
You are very lightly contaminated with residual magic.
Nothing appears to happen.
The magic dart hits the rat.
You kill the rat!
You can't see any susceptible monsters within range! (Use Z to cast anyway.)
Your magical contamination has completely faded away.
You now have 12 gold pieces (gained 4).
A gnoll comes into view. It is wielding a +0 flail.
A gnoll is nearby!
The magic dart hits the gnoll.
The gnoll is moderately wounded.
The magic dart hits the gnoll.
The gnoll is heavily wounded.
The magic dart hits the gnoll.
The gnoll is heavily wounded.
You are out of magic!
The magic dart hits the gnoll but does no damage.
The gnoll is heavily wounded.
The magic dart hits the gnoll.
The gnoll is severely wounded.
You see here a frilled lizard corpse.
You see here a frilled lizard corpse.
The magic dart hits the gnoll.
The gnoll is severely wounded.
The magic dart hits the gnoll.
The gnoll is almost dead.
The magic dart hits the gnoll but does no damage.
The gnoll is almost dead.
The gnoll misses you. Magic courses through your body.
The gnoll hits you with a +0 flail.
The magic dart hits the gnoll.
You kill the gnoll!
Your Dodging skill increases to level 2!
Your Stealth skill increases to level 2!
You have reached level 2!
Your demonic ancestry asserts itself...
A pair of horns grows on your head!
A kobold comes into view. It is wielding a +0 short sword.
The kobold shouts!
You can't go up here!
A kobold is nearby!
The magic dart hits the kobold but does no damage.
The kobold throws a stone.
The stone hits you.
A ball python comes into view.
The magic dart hits the kobold but does no damage.
The ball python hisses angrily.
The magic dart hits the kobold but does no damage.
The kobold throws a stone.
The stone hits you.
The kobold throws a stone.
The stone closely misses you.
You closely miss the ball python. The ball python barely misses you. x2
You barely miss the ball python.
The ball python bites you but does no damage.
The ball python grabs you. The ball python constricts you.
You hit the ball python but do no damage.
The ball python barely misses you. The ball python constricts you.
The kobold closely misses you. The ball python barely misses you.
The ball python constricts you.
You hit the ball python.
The ball python is severely wounded.
The ball python barely misses you. The ball python constricts you.
The kobold closely misses you.
You closely miss the ball python.
The ball python is severely wounded.
The ball python barely misses you. The ball python constricts you.
The kobold hits you with a +0 short sword.
You hit the ball python.
You kill the ball python!
The kobold hits you with a +0 short sword.
You hit the kobold but do no damage.
The kobold hits you with a +0 short sword.
The kobold hits you with a +0 short sword.
You hit the kobold.
The kobold is moderately wounded.
The kobold hits you with a +0 short sword.
The kobold closely misses you.
You hit the kobold.
You kill the kobold!
No target in view!
No target in view!
No target in view!
No target in view!
There is an escape hatch in the floor here.
There is an open door here.
HP restored.
There is a staircase leading out of the dungeon here.
You have escaped!

####...##.#
###....>....#
##..........##
#...#.......#
#.####.####.#
#.#≈≈≈.≈≈≈#.#
#.+.≈≈≈≈≈.'.#
#.#≈.....≈#.#
#.#§≈.@.≈≈#.#
#.#≈.....≈#.#
#.+.§≈≈§§§+.#
###≈≈≈.≈§§###
####.#### #.#
#.. ###


There were no monsters in sight!

Vanquished Creatures
  A gnoll (D:1)
  A ball python (D:1)
  A frilled lizard (D:1)
  A kobold (D:1)
  A rat (D:1)
5 creatures vanquished.

Notes
Turn   | Place    | Note
-------+----------+-------------------------------------------
     0 | D:1      | browni3141 the Demonspawn Conjurer began the quest for the
                  | Orb.
     0 | D:1      | Reached XP level 1. HP: 13/13 MP: 3/3
   265 | D:1      | Gained mutation: You have a pair of small horns on your
                  | head. [demonic ancestry]
   265 | D:1      | Reached XP level 2. HP: 13/19 MP: 3/5
   353 | D:$      | Got out of the dungeon alive.

Illustrated notes

Levels and vault maps discovered:
D:1:      ncdulo_lavacross, layout_loops_ring

Skill      XL: |  1 |
---------------+----+-----
Dodging        | 2 |  2.0
Stealth        | 2 |  2.1
Spellcasting   | |  2.2
Conjurations   | |  4.1

Action                     || total
---------------------------++-------
  Melee: Unarmed           ||     9
   Cast: Magic Dart        ||    14
    Use: Potion            ||     1
 Armour: Robe              ||     9
  Dodge: Dodged            ||    11
